General information
- name: BNet
- type: Ladder team game (AT/RT)
- host: Battle.net
- saver: IDoItForLove
map: FullScaleAssault
- players: 8
- length: 79:00
- speed: Fast
- version: 1.26 W3XP
- replay type: Public
» download(404 KB)
Players
team 1 (winner)

»
SterlingMArcher (
red | 56 APM | 1966 actions | 34:57)
6 Demon Hunter
3 Mana Burn
2 Evasion
1 Metamorphosis
2 Priestess of the Moon
1 Trueshot Aura
1 Searing Arrows
» actions
| Assign group hotkey | 32 | |
| Build / train | 71 | |
| Enter build submenu | 16 | |
| Enter hero's abilities submenu | 8 | |
| Give item / drop item | 2 | |
| Remove unit from queue | 1 | |
| Right click | 697 | |
| Select / deselect | 606 | |
| Select group hotkey | 504 | |
| Use ability | 29 | |
1966 total
» units
| Wisp | 11 | |
| Huntress | 4 | |
| Druid of the Claw | 6 | |
| Dryad | 29 | |
50 total
» upgrades
| Strength of the Wild | 2 | |
| Reinforced Hides | 2 | |
| Druid of the Claw Training | 2 | |
| Abolish Magic | 1 | |
| Mark of the Claw | 1 | |
8 total
» buildings
| Hunter's Hall | 1 | |
| Moon Well | 8 | |
| Altar of Elders | 1 | |
| Ancient of War | 1 | |
| Tree of Ages | 1 | |
| Ancient of Lore | 2 | |
| Tree of Eternity | 1 | |
| Tree of Life | 1 | |
16 total
» build order
00:09 Hunter's Hall
00:17 Moon Well
01:05 Altar of Elders
01:48 Ancient of War
01:55 Moon Well
03:11 Tree of Ages
03:32 Moon Well
04:26 Moon Well
05:38 Ancient of Lore
05:42 Ancient of Lore
06:41 Tree of Eternity
07:31 Moon Well
09:18 Moon Well
11:18 Moon Well
14:05 Moon Well
32:03 Tree of Life

»
OrcRinds (
yellow | 12 APM | 947 actions | 79:00)
8 Tauren Chieftain
3 Endurance Aura
3 War Stomp
1 Reincarnation
1 Shockwave
2 Shadow Hunter
1 Hex
1 Healing Wave
» actions
| Basic commands | 249 | |
| Build / train | 98 | |
| Enter build submenu | 25 | |
| Enter hero's abilities submenu | 19 | |
| Give item / drop item | 4 | |
| Remove unit from queue | 1 | |
| Right click | 38 | |
| Select / deselect | 358 | |
| Use ability | 155 | |
947 total
» units
| Peon | 26 | |
| Grunt | 10 | |
| Demolisher | 1 | |
| Shaman | 6 | |
| Troll Headhunter/Berserker | 4 | |
| Tauren | 2 | |
49 total
» upgrades
| Pillage | 1 | |
| Spiked Barricades | 1 | |
| Melee Weapons | 2 | |
| Armor | 2 | |
| Ranged Weapons | 3 | |
| Berserker Strength | 1 | |
| Shaman Training | 2 | |
| Berserker Upgrade | 1 | |
| Troll Regeneration | 1 | |
| Pulverize | 1 | |
15 total
» buildings
| Orc Burrow | 10 | |
| Altar of Storms | 2 | |
| Barracks | 2 | |
| War Mill | 1 | |
| Voodoo Lounge | 1 | |
| Watch Tower | 2 | |
| Great Hall | 3 | |
| Stronghold | 1 | |
| Fortress | 1 | |
| Spirit Lodge | 1 | |
| Tauren Totem | 2 | |
26 total
» build order
00:31 Orc Burrow
00:51 Altar of Storms
01:15 Barracks
01:34 War Mill
01:46 Barracks
02:10 Voodoo Lounge
02:31 Orc Burrow
02:56 Orc Burrow
04:00 Orc Burrow
04:06 Watch Tower
05:33 Great Hall
05:51 Stronghold
08:12 Orc Burrow
09:16 Fortress
09:27 Spirit Lodge
11:16 Orc Burrow
13:20 Tauren Totem
15:44 Tauren Totem
15:50 Orc Burrow
17:00 Altar of Storms
21:00 Watch Tower
23:16 Great Hall
24:13 Orc Burrow
26:35 Orc Burrow
27:14 Orc Burrow
28:25 Great Hall
» items
| Scroll of Speed | 2 | |
| Healing Salve | 2 | |
| Lesser Clarity Potion | 2 | |
| Potion of Lesser Invulnerability | 6 | |
| Scroll of Town Portal | 4 | |
| Orb of Lightning | 1 | |
| Potion of Healing | 1 | |
| Boots of Speed | 1 | |
19 total
Melnitsa (
orange | 105 APM | 8264 actions | 79:00)
10 Blademaster
3 Wind Walk
3 Critical Strike
1 Bladestorm
3 Mirror Image
» actions
| Assign group hotkey | 90 | |
| Basic commands | 137 | |
| Build / train | 203 | |
| ESC pressed | 34 | |
| Enter build submenu | 143 | |
| Enter hero's abilities submenu | 10 | |
| Give item / drop item | 31 | |
| Remove unit from queue | 6 | |
| Right click | 3224 | |
| Select / deselect | 782 | |
| Select group hotkey | 3101 | |
| Use ability | 502 | |
8264 total
» units
| Peon | 36 | |
| Grunt | 9 | |
| Goblin Shredder | 3 | |
| Goblin Zeppelin | 2 | |
| Goblin Sapper | 7 | |
| Wind Rider | 21 | |
| Troll Batrider | 4 | |
82 total
» upgrades
| Armor | 3 | |
| Ranged Weapons | 3 | |
| Pillage | 1 | |
| Berserker Strength | 1 | |
| Troll Regeneration | 2 | |
| Reinforced Defenses | 1 | |
| Envenomed Spears | 1 | |
| Liquid Fire | 1 | |
| Spiked Barricades | 3 | |
| Berserker Upgrade | 1 | |
| Backpack | 1 | |
| Melee Weapons | 3 | |
| Ensnare | 1 | |
| War Drums Damage Increase | 1 | |
| Burning Oil | 1 | |
| Shaman Training | 2 | |
| Witch Doctor Training | 2 | |
| Spirit Walker Training | 2 | |
30 total
» buildings
| Altar of Storms | 1 | |
| Barracks | 2 | |
| Orc Burrow | 6 | |
| Voodoo Lounge | 3 | |
| Great Hall | 9 | |
| War Mill | 1 | |
| Stronghold | 3 | |
| Watch Tower | 106 | |
| Fortress | 5 | |
| Beastiary | 4 | |
| Spirit Lodge | 3 | |
143 total
» build order
00:04 Altar of Storms
00:09 Barracks
00:21 Orc Burrow
01:36 Orc Burrow
02:10 Voodoo Lounge
04:11 Great Hall
04:34 Orc Burrow
04:39 War Mill
06:43 Stronghold
06:43 Stronghold
06:47 Watch Tower
07:10 Watch Tower
08:21 Watch Tower
08:22 Watch Tower
08:26 Watch Tower
10:02 Watch Tower
10:02 Watch Tower
10:03 Watch Tower
10:03 Watch Tower
10:04 Watch Tower
10:37 Watch Tower
10:38 Watch Tower
10:38 Watch Tower
10:39 Watch Tower
10:40 Watch Tower
11:05 Great Hall
11:07 Watch Tower
11:09 Watch Tower
11:13 Watch Tower
11:22 Fortress
11:22 Fortress
11:43 Orc Burrow
11:49 Watch Tower
11:54 Watch Tower
11:56 Watch Tower
12:46 Watch Tower
12:48 Watch Tower
12:51 Watch Tower
12:55 Watch Tower
13:00 Watch Tower
13:17 Watch Tower
13:19 Watch Tower
13:21 Watch Tower
13:22 Watch Tower
15:00 Orc Burrow
15:11 Orc Burrow
15:32 Beastiary
15:33 Beastiary
15:50 Watch Tower
15:55 Beastiary
16:47 Beastiary
18:58 Voodoo Lounge
19:24 Watch Tower
19:24 Watch Tower
19:25 Watch Tower
19:26 Watch Tower
19:40 Watch Tower
19:42 Watch Tower
19:58 Watch Tower
20:28 Watch Tower
20:38 Watch Tower
23:25 Watch Tower
23:26 Watch Tower
23:26 Watch Tower
23:27 Watch Tower
32:00 Great Hall
32:05 Watch Tower
32:18 Watch Tower
32:23 Watch Tower
32:34 Watch Tower
32:35 Watch Tower
32:36 Watch Tower
32:57 Watch Tower
32:58 Watch Tower
32:58 Watch Tower
33:27 Watch Tower
33:27 Watch Tower
33:49 Watch Tower
33:51 Watch Tower
33:52 Watch Tower
33:58 Watch Tower
35:05 Watch Tower
35:06 Watch Tower
35:07 Watch Tower
35:10 Watch Tower
35:11 Watch Tower
35:14 Watch Tower
35:25 Watch Tower
35:26 Watch Tower
35:27 Watch Tower
35:28 Watch Tower
35:58 Watch Tower
36:00 Watch Tower
36:29 Watch Tower
36:49 Watch Tower
36:58 Watch Tower
37:02 Watch Tower
37:08 Great Hall
37:11 Watch Tower
37:16 Watch Tower
37:32 Watch Tower
37:34 Watch Tower
37:50 Barracks
39:05 Watch Tower
39:05 Watch Tower
42:24 Spirit Lodge
42:28 Spirit Lodge
42:30 Spirit Lodge
43:10 Great Hall
43:16 Watch Tower
43:18 Watch Tower
43:20 Watch Tower
43:21 Watch Tower
43:24 Watch Tower
44:08 Watch Tower
44:09 Watch Tower
44:36 Watch Tower
44:38 Watch Tower
44:45 Voodoo Lounge
44:49 Watch Tower
45:49 Watch Tower
46:09 Watch Tower
48:32 Watch Tower
48:33 Watch Tower
48:34 Watch Tower
48:36 Watch Tower
49:23 Great Hall
49:38 Watch Tower
49:40 Great Hall
49:45 Watch Tower
53:25 Great Hall
53:57 Watch Tower
53:59 Watch Tower
67:41 Watch Tower
67:42 Watch Tower
67:43 Watch Tower
67:45 Watch Tower
67:47 Watch Tower
69:34 Great Hall
» items
| Healing Salve | 13 | |
| Lesser Clarity Potion | 13 | |
| Scroll of Speed | 2 | |
| Scroll of Town Portal | 6 | |
| Orb of Lightning | 1 | |
| Potion of Healing | 3 | |
| Scroll of Healing | 1 | |
| Staff of Teleportation | 1 | |
| Potion of Mana | 1 | |
| Dust of Appearance | 1 | |
| Boots of Speed | 1 | |
43 total
XDIVISIONX (
green | 146 APM | 5056 actions | 34:40)
5 Priestess of the Moon
3 Trueshot Aura
2 Searing Arrows
2 Keeper of the Grove
1 Entangling Roots
1 Thorns Aura
» actions
| Assign group hotkey | 47 | |
| Basic commands | 206 | |
| Build / train | 164 | |
| ESC pressed | 6 | |
| Enter build submenu | 17 | |
| Enter hero's abilities submenu | 7 | |
| Give item / drop item | 3 | |
| Remove unit from queue | 1 | |
| Right click | 1479 | |
| Select / deselect | 818 | |
| Select group hotkey | 2255 | |
| Use ability | 53 | |
5056 total
» units
» upgrades
| Strength of the Moon | 3 | |
| Moon Armor | 3 | |
| Improved Bows | 1 | |
| Marksmanship | 1 | |
8 total
» buildings
| Altar of Elders | 2 | |
| Moon Well | 7 | |
| Ancient of War | 4 | |
| Hunter's Hall | 1 | |
| Ancient of Wonders | 1 | |
| Tree of Life | 2 | |
| Tree of Ages | 5 | |
| Tree of Eternity | 4 | |
26 total
» build order
00:06 Altar of Elders
00:23 Altar of Elders
00:37 Moon Well
01:10 Ancient of War
01:12 Ancient of War
01:44 Moon Well
02:31 Moon Well
04:11 Hunter's Hall
04:26 Ancient of Wonders
05:04 Tree of Life
07:31 Tree of Ages
07:31 Tree of Ages
07:31 Tree of Ages
08:36 Moon Well
09:49 Ancient of War
09:50 Ancient of War
09:53 Tree of Eternity
09:53 Tree of Eternity
10:32 Moon Well
10:34 Moon Well
10:35 Moon Well
20:47 Tree of Life
» items
| Periapt of Vitality | 1 | |
| Circlet of Nobility | 2 | |
| Scroll of Town Portal | 10 | |
13 total
team 2 (loser)

»
DARKNESCALLSME- (
purple | 7 APM | 45 actions | 06:16)
» actions
| Assign group hotkey | 2 | |
| Build / train | 10 | |
| Enter build submenu | 3 | |
| Remove unit from queue | 2 | |
| Right click | 11 | |
| Select / deselect | 12 | |
| Select group hotkey | 2 | |
| Use ability | 3 | |
45 total
» units
» buildings
| Orc Burrow | 1 | |
| Altar of Storms | 1 | |
| War Mill | 1 | |
| Stronghold | 1 | |
4 total
» build order
03:27 Orc Burrow
03:45 Altar of Storms
03:59 War Mill
05:04 Stronghold
IDoItForLove (
teal | 41 APM | 3212 actions | 79:00)
8 Archmage
3 Summon Water Elemental
3 Brilliance Aura
1 Mass Teleport
1 Blizzard
1 Tauren Chieftain
1 Endurance Aura
» actions
| Assign group hotkey | 91 | |
| Basic commands | 129 | |
| Build / train | 132 | |
| Enter build submenu | 100 | |
| Enter hero's abilities submenu | 10 | |
| Give item / drop item | 13 | |
| Remove unit from queue | 2 | |
| Right click | 1124 | |
| Select / deselect | 773 | |
| Select group hotkey | 549 | |
| Use ability | 289 | |
3212 total
» units
| Peasant | 15 | |
| Footman | 4 | |
| Goblin Zeppelin | 2 | |
| Goblin Shredder | 2 | |
| Goblin Sapper | 5 | |
| Mortar Team | 8 | |
| Dragonhawk Rider | 2 | |
| Blue Dragon | 8 | |
| Gryphon Rider | 4 | |
| Acolyte | 1 | |
51 total
» upgrades
| Lumber Harvesting | 2 | |
| Masonry | 3 | |
| Swords | 3 | |
| Armor | 3 | |
| Animal War Training | 1 | |
| Cloud | 1 | |
| Storm Hammers | 1 | |
| Gunpowder | 3 | |
| Fragmentation Shards | 1 | |
| Flare | 1 | |
| Plating | 3 | |
| Barrage | 2 | |
| Defend | 1 | |
| Long Rifles | 1 | |
| Backpack | 1 | |
| Flak Cannons | 1 | |
| Flying Machine Bombs | 1 | |
| Magic Sentry | 1 | |
| Sorceress Training | 2 | |
| Priest Training | 2 | |
| Control Magic | 1 | |
35 total
» buildings
| Altar of Kings | 1 | |
| Barracks | 1 | |
| Farm | 11 | |
| Keep | 1 | |
| Town Hall | 6 | |
| Scout Tower | 106 | |
| Lumber Mill | 2 | |
| Castle | 1 | |
| Guard Tower | 24 | |
| Arcane Vault | 1 | |
| Gryphon Aviary | 6 | |
| Blacksmith | 2 | |
| Workshop | 5 | |
| Arcane Sanctum | 3 | |
170 total
» build order
00:49 Altar of Kings
00:50 Barracks
00:53 Farm
01:05 Farm
01:06 Farm
02:11 Farm
03:21 Keep
04:06 Town Hall
04:10 Scout Tower
04:10 Scout Tower
04:12 Scout Tower
04:13 Scout Tower
04:43 Farm
04:45 Lumber Mill
05:07 Lumber Mill
05:50 Castle
07:00 Guard Tower
07:17 Arcane Vault
08:53 Town Hall
09:16 Scout Tower
09:16 Scout Tower
09:16 Scout Tower
09:17 Scout Tower
09:19 Scout Tower
09:19 Scout Tower
09:19 Scout Tower
09:19 Scout Tower
09:22 Scout Tower
09:23 Scout Tower
09:23 Scout Tower
09:25 Scout Tower
10:31 Guard Tower
10:32 Guard Tower
10:33 Guard Tower
10:34 Guard Tower
10:37 Guard Tower
11:35 Scout Tower
11:36 Scout Tower
12:35 Guard Tower
12:57 Scout Tower
12:58 Scout Tower
12:59 Scout Tower
12:59 Scout Tower
13:04 Scout Tower
13:05 Scout Tower
13:05 Scout Tower
13:06 Scout Tower
13:09 Scout Tower
14:10 Guard Tower
14:13 Guard Tower
15:39 Scout Tower
15:40 Scout Tower
15:40 Scout Tower
15:41 Scout Tower
15:42 Scout Tower
15:42 Scout Tower
15:44 Scout Tower
15:44 Scout Tower
15:45 Scout Tower
15:45 Scout Tower
15:52 Gryphon Aviary
15:53 Gryphon Aviary
15:53 Gryphon Aviary
15:54 Gryphon Aviary
15:54 Gryphon Aviary
15:57 Gryphon Aviary
16:09 Blacksmith
16:14 Blacksmith
16:23 Guard Tower
17:05 Guard Tower
17:25 Guard Tower
19:25 Farm
19:25 Farm
19:26 Farm
19:26 Farm
19:26 Farm
21:21 Scout Tower
21:21 Scout Tower
21:22 Scout Tower
21:22 Scout Tower
21:23 Scout Tower
21:24 Scout Tower
21:24 Scout Tower
21:25 Scout Tower
21:25 Scout Tower
21:25 Scout Tower
21:27 Scout Tower
21:27 Scout Tower
21:27 Scout Tower
21:28 Scout Tower
21:28 Scout Tower
21:29 Scout Tower
21:30 Scout Tower
21:31 Scout Tower
21:32 Scout Tower
21:33 Scout Tower
22:29 Guard Tower
23:07 Guard Tower
23:09 Guard Tower
24:06 Guard Tower
27:22 Workshop
27:22 Workshop
27:23 Workshop
27:23 Workshop
27:26 Workshop
28:14 Scout Tower
28:14 Scout Tower
28:14 Scout Tower
28:15 Scout Tower
28:15 Scout Tower
28:15 Scout Tower
28:18 Scout Tower
28:19 Scout Tower
28:19 Scout Tower
28:19 Scout Tower
28:20 Scout Tower
28:21 Scout Tower
28:47 Guard Tower
29:14 Guard Tower
29:17 Town Hall
30:47 Scout Tower
30:48 Scout Tower
30:48 Scout Tower
30:48 Scout Tower
31:17 Guard Tower
35:06 Town Hall
35:09 Scout Tower
35:09 Scout Tower
35:09 Scout Tower
35:10 Scout Tower
35:11 Scout Tower
35:11 Scout Tower
35:11 Scout Tower
35:12 Scout Tower
35:13 Scout Tower
35:14 Scout Tower
35:14 Scout Tower
35:38 Town Hall
35:41 Scout Tower
35:42 Scout Tower
35:42 Scout Tower
35:43 Scout Tower
35:44 Scout Tower
35:44 Scout Tower
35:44 Scout Tower
35:45 Scout Tower
35:47 Scout Tower
35:47 Scout Tower
36:24 Guard Tower
36:28 Guard Tower
37:02 Guard Tower
37:05 Guard Tower
38:20 Farm
39:09 Guard Tower
41:14 Town Hall
41:17 Scout Tower
41:17 Scout Tower
41:17 Scout Tower
41:18 Scout Tower
41:19 Scout Tower
41:20 Scout Tower
41:20 Scout Tower
41:20 Scout Tower
41:22 Scout Tower
41:23 Scout Tower
41:24 Scout Tower
41:26 Scout Tower
43:19 Guard Tower
50:33 Arcane Sanctum
50:35 Arcane Sanctum
50:37 Arcane Sanctum
» items
| Staff of Teleportation | 1 | |
| Periapt of Vitality | 2 | |
| Scroll of Town Portal | 1 | |
| Orb of Corruption | 1 | |
| Scroll of Regeneration | 1 | |
| Potion of Healing | 1 | |
| Scroll of Healing | 1 | |
8 total

»
PoopMcPooperton (
pink | 59 APM | 3885 actions | 65:33)
8 Death Knight
3 Death Coil
3 Unholy Aura
1 Animate Dead
1 Death Pact
7 Lich
3 Frost Nova
3 Frost Armor
1 Death and Decay
4 Tauren Chieftain
2 Endurance Aura
2 Shockwave
» actions
| Assign group hotkey | 42 | |
| Basic commands | 217 | |
| Build / train | 155 | |
| ESC pressed | 17 | |
| Enter build submenu | 55 | |
| Enter hero's abilities submenu | 21 | |
| Give item / drop item | 7 | |
| Right click | 1936 | |
| Select / deselect | 671 | |
| Select group hotkey | 533 | |
| Use ability | 231 | |
3885 total
» units
| Acolyte | 20 | |
| Ghoul | 6 | |
| Crypt Fiend | 11 | |
| Peon | 5 | |
| Wind Rider | 14 | |
| Frost Wyrm | 11 | |
| Troll Batrider | 2 | |
| Blue Drake | 2 | |
| Blue Dragon Whelp | 1 | |
72 total
» upgrades
| Ranged Weapons | 3 | |
| Armor | 4 | |
| Envenomed Spears | 1 | |
| Web | 1 | |
| Creature Attack | 3 | |
| Creature Carapace | 2 | |
| Freezing Breath | 1 | |
| Spiked Barricades | 1 | |
| Reinforced Defenses | 1 | |
17 total
» buildings
| Graveyard | 1 | |
| Crypt | 3 | |
| Altar of Darkness | 1 | |
| Ziggurat | 13 | |
| Tomb of Relics | 2 | |
| Nerubian Tower | 2 | |
| Necropolis | 2 | |
| Halls of the Dead | 1 | |
| Fortress | 3 | |
| Beastiary | 3 | |
| Orc Burrow | 8 | |
| Black Citadel | 1 | |
| Spirit Tower | 5 | |
| Voodoo Lounge | 1 | |
| Sacrificial Pit | 2 | |
| Boneyard | 4 | |
| Watch Tower | 9 | |
61 total
» build order
01:02 Graveyard
01:14 Crypt
01:16 Altar of Darkness
01:28 Ziggurat
01:52 Ziggurat
02:12 Tomb of Relics
03:44 Nerubian Tower
05:19 Necropolis
05:44 Halls of the Dead
05:48 Ziggurat
07:59 Fortress
07:59 Fortress
08:01 Beastiary
08:04 Beastiary
08:05 Beastiary
08:07 Orc Burrow
08:40 Ziggurat
08:40 Ziggurat
08:42 Ziggurat
08:42 Ziggurat
09:00 Orc Burrow
09:02 Orc Burrow
09:28 Black Citadel
09:48 Orc Burrow
10:03 Spirit Tower
10:04 Nerubian Tower
10:05 Spirit Tower
10:07 Spirit Tower
10:39 Orc Burrow
11:30 Orc Burrow
11:31 Voodoo Lounge
11:43 Sacrificial Pit
12:37 Boneyard
12:38 Boneyard
13:25 Ziggurat
17:27 Ziggurat
17:30 Tomb of Relics
17:51 Orc Burrow
24:32 Watch Tower
24:32 Watch Tower
24:33 Watch Tower
24:33 Watch Tower
24:33 Watch Tower
24:35 Watch Tower
24:36 Watch Tower
24:36 Watch Tower
24:36 Watch Tower
25:02 Necropolis
25:40 Orc Burrow
27:00 Crypt
27:01 Crypt
27:02 Ziggurat
27:02 Ziggurat
29:40 Spirit Tower
29:42 Spirit Tower
29:43 Ziggurat
45:57 Ziggurat
45:59 Sacrificial Pit
46:01 Boneyard
46:02 Boneyard
» items
| Rod of Necromancy | 1 | |
| Potion of Healing | 4 | |
| Orb of Corruption | 1 | |
| Scroll of Healing | 2 | |
| Scroll of Town Portal | 5 | |
| Orb of Lightning | 1 | |
| Healing Salve | 1 | |
| Lesser Clarity Potion | 1 | |
| Dust of Appearance | 2 | |
| Potion of Lesser Invulnerability | 1 | |
19 total

»
Wolf2983 (
blue | 16 APM | 1257 actions | 79:00)
5 Crypt Lord
2 Impale
3 Spiked Carapace
4 Death Knight
1 Death Pact
2 Unholy Aura
1 Death Coil
» actions
| Build / train | 123 | |
| Enter build submenu | 32 | |
| Enter hero's abilities submenu | 9 | |
| Give item / drop item | 3 | |
| Right click | 545 | |
| Select / deselect | 412 | |
| Use ability | 133 | |
1257 total
» units
| Acolyte | 31 | |
| Ghoul | 8 | |
| Goblin Shredder | 3 | |
| Crypt Fiend | 35 | |
| Goblin Zeppelin | 1 | |
| Blue Drake | 1 | |
| Blue Dragon | 3 | |
| Frost Wyrm | 1 | |
83 total
» upgrades
| Cannibalize | 1 | |
| Web | 1 | |
| Creature Attack | 2 | |
| Creature Carapace | 2 | |
6 total
» buildings
| Crypt | 4 | |
| Ziggurat | 21 | |
| Altar of Darkness | 2 | |
| Halls of the Dead | 2 | |
| Graveyard | 2 | |
| Tomb of Relics | 1 | |
| Spirit Tower | 6 | |
| Nerubian Tower | 2 | |
| Black Citadel | 2 | |
| Necropolis | 1 | |
| Sacrificial Pit | 1 | |
44 total
» build order
00:12 Crypt
00:13 Crypt
00:38 Ziggurat
01:00 Altar of Darkness
01:32 Ziggurat
02:25 Ziggurat
03:51 Halls of the Dead
05:20 Graveyard
07:25 Ziggurat
07:25 Ziggurat
07:27 Ziggurat
08:40 Ziggurat
08:41 Ziggurat
08:44 Ziggurat
11:05 Tomb of Relics
11:20 Spirit Tower
11:23 Nerubian Tower
17:39 Nerubian Tower
20:50 Black Citadel
23:12 Necropolis
23:44 Graveyard
23:49 Crypt
24:47 Ziggurat
24:49 Ziggurat
26:35 Ziggurat
27:18 Spirit Tower
27:49 Spirit Tower
27:59 Ziggurat
28:19 Ziggurat
28:44 Ziggurat
28:54 Spirit Tower
30:57 Spirit Tower
31:05 Ziggurat
31:06 Ziggurat
31:09 Ziggurat
32:17 Spirit Tower
43:31 Halls of the Dead
47:41 Altar of Darkness
49:10 Black Citadel
50:16 Crypt
61:35 Sacrificial Pit
62:45 Ziggurat
62:46 Ziggurat
62:48 Ziggurat
» items
| Scroll of Town Portal | 4 | |
| Rod of Necromancy | 1 | |
| Potion of Healing | 1 | |
| Orb of Fire | 2 | |
| Potion of Lesser Invulnerability | 3 | |
11 total
Chat log
(00:27 / Allies) IDoItForLove: me got
(00:38 / All) Melnitsa: FLAMECHAMPION STOP AFKING FAGGOT
(00:53 / Allies) PoopMcPooperton: god damnit
(00:59 / Allies) IDoItForLove: me got it
(01:06 / Allies) PoopMcPooperton: I got it*
(01:07 / Allies) PoopMcPooperton: but ok
(01:11 / Allies) PoopMcPooperton: massing fiend i guess
(01:48 / All) DARKNESCALLSME-: is that you guys lolz
(01:59 / Allies) PoopMcPooperton: come on purp
(02:00 / Allies) PoopMcPooperton: wtf
(02:04 / All) Melnitsa: Why have you beena voiding all of your old haunts?
(02:06 / Allies) PoopMcPooperton: hes there purp
(02:15 / All) Melnitsa: It's just me
(02:32 / All) DARKNESCALLSME-: i needed some alone time, i just read a topic on 360 board and i guess they are all saying i payed girls to hug me
(02:34 / Allies) PoopMcPooperton: expo that please
(02:36 / All) DARKNESCALLSME-: got a kick out of that
(02:43 / All) IDoItForLove: You did say it
(02:47 / All) Melnitsa: Yes you did
(02:47 / All) IDoItForLove: He has photographic evidence
(02:48 / All) Melnitsa: Don't deny it
(02:59 / All) DARKNESCALLSME-: im fine with it, its true
(03:06 / All) DARKNESCALLSME-: i pay my sister to hug me
(03:10 / All) OrcRinds: i pay gurls to more than hug me
(03:10 / All) Melnitsa: You are lucky I didn't pick hu
(03:34 / All) DARKNESCALLSME-: u guys F'd up that stab on twilight last night
(03:38 / All) DARKNESCALLSME-: the one with dirt.com
(03:45 / All) Melnitsa: You are watching our replays?
(03:53 / All) DARKNESCALLSME-: i didnt watch all of it but some
(04:06 / All) Melnitsa: Are you jealous we are stabbing when you can no longer do it with us?
(04:32 / Allies) PoopMcPooperton: ???
(04:50 / All) DARKNESCALLSME-: i only care to play with turncoat, i don't like cry babies like u
(04:53 / All) Melnitsa: jesus christ I am out of practice with orc, lucky faggot
(04:59 / Allies) PoopMcPooperton: im not cying
(05:01 / Allies) PoopMcPooperton: just confused
(05:05 / Allies) PoopMcPooperton: i dont know who u are lol
(05:06 / All) Melnitsa: At least I'm not paying girls to hug me
(05:23 / All) DARKNESCALLSME-: rod ur not a stabber , u never have been, denying people wins isn't stabbing
(05:28 / Allies) IDoItForLove: why would you creep shreddar before expo
(05:33 / All) Melnitsa: So you disapprove of stabbing now?
(05:39 / Allies) IDoItForLove: you are a filthy nigger
(05:52 / All) DARKNESCALLSME-: its not stabbing this isn't stabbing
(06:00 / All) Melnitsa: yes it is
(06:05 / All) OrcRinds: cabin stabbin?
(06:09 / All) DARKNESCALLSME-: like i said, you never been a stabber
(06:13 / All) Melnitsa: yes I have
(06:20 / All) Melnitsa: HAHAHHAHAHA
(06:21 / Allies) PoopMcPooperton: take him
(06:22 / All) Melnitsa: HE PUSSED OUT
(06:26 / All) Melnitsa: HE DOESn"T WANT TO BE HUMILIATED
(06:28 / All) Melnitsa: THIS FAGGOT
(06:29 / Allies) IDoItForLove: lol
(06:37 / All) Melnitsa: He is intimidated by us
(06:39 / All) Melnitsa: Beautiful
(06:49 / Allies) PoopMcPooperton: who takes him
(06:52 / All) XDIVISIONX: wasting my fkn time
(06:59 / All) Melnitsa: Green ahs no idea what just happened
(07:02 / All) Melnitsa: neither does anyone else
(07:04 / Allies) IDoItForLove: LUMBER
(07:09 / All) XDIVISIONX: word
(07:28 / All) Melnitsa: That was someone I used to know
(07:28 / Allies) PoopMcPooperton: who is taking purp
(07:30 / All) Melnitsa: he thinks I am bad at the game
(07:32 / Allies) IDoItForLove: LUMBER
(07:35 / All) Melnitsa: He pasy $300 for people to cuddle with him
(07:36 / All) Melnitsa: for prostitutes
(07:38 / All) Melnitsa: is 27
(07:40 / All) Melnitsa: lives with his parents
(07:43 / All) Melnitsa: and gets christmas gifts
(07:47 / All) Melnitsa: HE didn't want to be humiliated by me
(07:48 / All) PoopMcPooperton: why do u know this...
(07:54 / All) XDIVISIONX: word
(07:56 / All) Melnitsa: He knows I'm better
(08:05 / All) Melnitsa: like I said I used to know him, he told me this shit
(08:25 / All) XDIVISIONX: atleast he aint gay and can secure a blood line
(08:45 / All) XDIVISIONX: LOL oj
(08:51 / All) OrcRinds: that makes no sense plenty of gays have kids
(09:05 / All) XDIVISIONX: the real way
(09:47 / Allies) IDoItForLove: lumber
(11:01 / Allies) PoopMcPooperton: they hacking?
(11:31 / Allies) IDoItForLove: yes
(12:37 / All) Melnitsa: Poor ud
(12:40 / All) Melnitsa: just got absolutely annihilated
(14:49 / Allies) IDoItForLove: kill the easy burrows
(15:07 / All) IDoItForLove: woops
(15:12 / All) XDIVISIONX: u will die
(15:16 / All) XDIVISIONX: do not worry mortal
(16:20 / Allies) PoopMcPooperton: going
(16:27 / All) Melnitsa: "heil me" - green
(16:56 / All) IDoItForLove: Pink is professional guys
(17:07 / All) IDoItForLove: Just leave, game over
(17:17 / All) PoopMcPooperton: arch aint gonna do it
(17:22 / Allies) PoopMcPooperton: care
(17:31 / All) XDIVISIONX: 3-3 soon +2 auea will see
(17:37 / All) XDIVISIONX: +# aura
(17:47 / All) Melnitsa: upgrade every tower to bm harass nice
(17:51 / All) Melnitsa: and bring your army
(17:54 / All) Melnitsa: efficient use of resources
(18:13 / Allies) IDoItForLove: fight in my base while I got towers
(19:28 / Allies) PoopMcPooperton: u guys gotta do something
(19:39 / Allies) IDoItForLove: I'm about to shave
(19:50 / Allies) IDoItForLove: then I don't know what I'm gonna do after that
(19:51 / Allies) IDoItForLove: but something
(20:22 / Allies) PoopMcPooperton: b...
(20:54 / Allies) PoopMcPooperton: wtf teal
(20:54 / All) XDIVISIONX: atack noobs
(20:56 / Allies) PoopMcPooperton: u have 12k
(20:58 / All) XDIVISIONX: my blunt waiting
(21:08 / All) XDIVISIONX: facist dogs
(21:21 / All) Melnitsa: fascist*
(21:29 / All) Melnitsa: fascismo, it's Italin
(24:49 / All) Melnitsa: *FÜHRER
(24:55 / All) Melnitsa: SIEG HEIL, COMRADE GREEN!
(24:59 / All) Melnitsa: KAMERADSCHAFT!
(25:07 / All) IDoItForLove: My gold mine is running low
(25:11 / All) Melnitsa: OF COURSE IT IS COMRADE
(25:14 / All) IDoItForLove: I'm gonna have to sacrifice some luxuries
(25:16 / All) OrcRinds: i think you are getting yer commie mixed up with yer fascists
(25:16 / All) Melnitsa: THAT'S WHY WE SAY KAMERADEN
(25:30 / All) Melnitsa: AND KAMERADSCHAFT FOR COMRADERY
(25:33 / All) XDIVISIONX: FOR THE HIGH BLOODS
(26:03 / All) XDIVISIONX: NICE WYVS BRO
(26:05 / All) Melnitsa: 4v4 base race gogogo
(26:50 / All) XDIVISIONX: U AIGHT BRO?
(26:54 / All) IDoItForLove: cloud should work on archers
(27:00 / All) Melnitsa: yes it should
(27:03 / All) IDoItForLove: why it don't?
(27:06 / All) Melnitsa: It works on allies
(27:10 / All) XDIVISIONX: SHOULD WORK ON AUNT MONIQUE ALSO
(27:12 / All) Melnitsa: It should work on everything
(27:19 / All) Melnitsa: reeduce range on ranged units
(27:21 / All) Melnitsa: like archers
(27:42 / All) OrcRinds: if i have to team up with nazis it better be for a win
(27:58 / Allies) IDoItForLove: I'm making morts now
(28:18 / All) XDIVISIONX: MEET FOR GLORY U PUSSYS
(28:50 / Allies) IDoItForLove: b
(28:54 / Allies) IDoItForLove: let's counter
(30:56 / Allies) PoopMcPooperton: cant do it all teal
(30:57 / Allies) PoopMcPooperton: come on..
(33:08 / Allies) PoopMcPooperton: g
(33:10 / Allies) PoopMcPooperton: toss me some gold
(33:46 / Allies) PoopMcPooperton: we can rape that blue
(34:38 / All) XDIVISIONX: GG
(35:22 / All) PoopMcPooperton: leave..........................
(35:32 / All) Melnitsa: Why?
(35:40 / All) PoopMcPooperton: save us all the time so we can find another game
(35:45 / All) Melnitsa: Not over yet
(35:47 / All) Melnitsa: Don't get cocky
(35:49 / All) OrcRinds: we could say the same
(35:53 / All) Melnitsa: It isn't over until the other team leaves
(36:20 / Allies) PoopMcPooperton: coming blue
(36:26 / Allies) PoopMcPooperton: dont die!
(36:30 / Allies) PoopMcPooperton: really blue.
(36:31 / Allies) PoopMcPooperton: really.
(36:40 / All) Melnitsa: LEVEL 10 THANKS!
(36:43 / All) PoopMcPooperton: well now its gg
(36:46 / All) PoopMcPooperton: bc blues a damn retard
(36:50 / All) Melnitsa: lol
(37:18 / Allies) PoopMcPooperton: some gold please teal
(37:19 / Allies) PoopMcPooperton: 100
(37:22 / Allies) PoopMcPooperton: just for expo
(37:30 / Allies) IDoItForLove: why
(37:41 / Allies) PoopMcPooperton: ur really going to ask why
(37:46 / Allies) PoopMcPooperton: when u have 15k
(37:53 / Allies) PoopMcPooperton: and could have won the game 10 times over by now
(38:18 / All) PoopMcPooperton: such a hacker orange
(38:23 / All) Melnitsa: I was scouting every mine
(38:27 / All) PoopMcPooperton: no u werent
(38:28 / All) PoopMcPooperton: lol
(38:30 / All) PoopMcPooperton: just amdit it
(38:30 / All) Melnitsa: JEsus Christ
(38:31 / Allies) IDoItForLove: how much gold you need
(38:32 / All) PoopMcPooperton: i hack too
(38:34 / All) PoopMcPooperton: i watched u
(38:36 / All) OrcRinds: he was i can vouch
(38:40 / All) PoopMcPooperton: no reason to not admit it
(39:20 / All) Melnitsa: You vouched for the wrong side, yellow
(39:47 / All) Melnitsa: You said I'm hacking
(39:52 / All) Melnitsa: I don't appreciate that language
(40:09 / All) Melnitsa: No you didn't
(40:11 / All) Melnitsa: I saw the chat
(40:21 / All) Melnitsa: AND NOW SOMEONE BOUGHT MY DRAGON!
(40:28 / All) Melnitsa: I bet it was blue
(40:55 / All) IDoItForLove: WHY YOU HAVE TO GO AND MAKE THINGS SO COMPLICATED
(41:06 / All) IDoItForLove: I SEE THE WAY YOU'RE ACTING LIKE YOU'RE SOMEBODY ELSE GETS ME FRUSTRATED
(41:27 / Allies) PoopMcPooperton: my god teal
(41:28 / Allies) PoopMcPooperton: just end it
(41:31 / Allies) PoopMcPooperton: please.
(41:40 / Allies) IDoItForLove: Okay man, the song ain't that bad
(41:53 / Allies) PoopMcPooperton: 5 tanks and 12 grphy
(41:56 / Allies) PoopMcPooperton: all it will take
(42:12 / Allies) IDoItForLove: I don't even have the food to feed such an army
(42:29 / Allies) PoopMcPooperton: get rid of some hawks.
(42:50 / All) OrcRinds: you bitches cant catch me
(44:04 / All) Melnitsa: and you call me mh?
(44:10 / All) PoopMcPooperton: i told u i hack
(44:20 / All) Melnitsa: and you're still so bad
(44:26 / All) PoopMcPooperton: at least i admit it
(44:41 / All) Melnitsa: I have nothing to admit
(44:55 / All) PoopMcPooperton: start with hacking
(45:16 / All) Melnitsa: "You have good map awareness and aren't masturbating in your base! You must hack!"
(45:32 / All) PoopMcPooperton: nah
(45:35 / All) PoopMcPooperton: u just hack lol
(45:44 / Allies) PoopMcPooperton: lets get this teal
(45:53 / Allies) IDoItForLove: I gotta click for dragon!
(46:16 / Allies) IDoItForLove: phew
(46:27 / Allies) PoopMcPooperton: can we please just end
(46:31 / Allies) IDoItForLove: me just wanna kill yellow
(46:48 / Allies) PoopMcPooperton: really blue.
(46:50 / Allies) PoopMcPooperton: my god
(46:56 / Allies) PoopMcPooperton: are u just trying to lose?
(47:49 / All) IDoItForLove: I think he was no pleased with me get that dragon
(47:53 / All) Melnitsa: There, now you have full hp due to reincarnation
(48:19 / Allies) Wolf2983: not been pleased with you most of game teal
(48:27 / Allies) IDoItForLove: why?
(48:35 / Allies) PoopMcPooperton: why what?
(48:37 / Allies) IDoItForLove: I foreign I different culture
(48:47 / Allies) IDoItForLove: in my culture we try to have fun in the vidya
(49:04 / Allies) Wolf2983: lets see you stole items from that i worked for and then you wanted to steal lumber jack
(49:16 / Allies) IDoItForLove: steal is strong word
(49:20 / Allies) IDoItForLove: more like burrow permanently
(49:25 / Allies) Wolf2983: steal is bout right
(49:36 / Allies) IDoItForLove: No I much prefer borrow permanently
(49:41 / Allies) PoopMcPooperton: lol
(49:43 / Allies) PoopMcPooperton: lets go teal
(49:45 / Allies) PoopMcPooperton: lets rape
(49:49 / Allies) Wolf2983: havent bitched nor complained though
(49:54 / Allies) IDoItForLove: Show me where yellow is I kill him
(50:00 / Allies) Wolf2983: even when you left me to the dogs
(50:21 / All) Melnitsa: If you have mh why not move acos sooner?
(50:49 / All) Melnitsa: Nothing mining there dumbfuck
(50:55 / Allies) Wolf2983: ty oj was units heavy
(51:42 / Allies) PoopMcPooperton: he has invul tp and reincharnation
(52:41 / All) PoopMcPooperton: lol
(52:47 / All) PoopMcPooperton: tjhat was proof of hack right there orange
(52:50 / All) PoopMcPooperton: i realy dont care that u do
(52:55 / All) Melnitsa: Yeah it's impossible to predict someone's movement
(53:11 / All) IDoItForLove: in my country we try predict the ladies movements
(53:17 / All) IDoItForLove: follow them home after clubbing
(53:18 / All) PoopMcPooperton: and trying to defend so hard...
(53:19 / All) IDoItForLove: it's for rape them
(53:21 / All) PoopMcPooperton: you hack.
(53:30 / All) Melnitsa: I anticipated you would go up and to the goblin shop
(53:32 / All) PoopMcPooperton: part of me hates u teal, the other love you
(54:50 / Allies) PoopMcPooperton: ..
(54:57 / All) OrcRinds: wow you guys almost had teamwork
(54:58 / Allies) PoopMcPooperton: here blue
(54:59 / Allies) PoopMcPooperton: come
(55:55 / Allies) PoopMcPooperton: use fiends.
(55:57 / All) IDoItForLove: why you attack the dead base
(56:04 / All) IDoItForLove: no gold there silly
(56:11 / All) IDoItForLove: Oy, these Americans
(56:11 / Allies) PoopMcPooperton: just ended
(56:17 / Allies) PoopMcPooperton: gotta kill it sometime
(56:25 / Allies) PoopMcPooperton: theres no fucking gold on map
(56:29 / Allies) PoopMcPooperton: its all drained
(56:32 / Allies) PoopMcPooperton: or down to like 500
(56:35 / Allies) PoopMcPooperton: doesnt matter at this point
(56:38 / Allies) PoopMcPooperton: just have to kill
(56:51 / Allies) IDoItForLove: I have 2 gold mines each with 4k left
(57:02 / Allies) IDoItForLove: This upkeep is costing me a fortune
(57:05 / Allies) PoopMcPooperton: other than yours.
(57:52 / Allies) PoopMcPooperton: why dont u go do something teal
(57:54 / All) OrcRinds: oj is a talented plyer you should watch the replay
(57:56 / Allies) IDoItForLove: I am
(58:01 / Allies) IDoItForLove: I am listening to music
(58:07 / All) Melnitsa: not sure if being sarcastic or not
(58:15 / All) PoopMcPooperton: yeah he is good
(58:17 / All) PoopMcPooperton: ill giv ehim that
(58:20 / All) Melnitsa: It isn't over yet, no need to act like that yellow
(58:20 / All) PoopMcPooperton: but he hacks too
(58:21 / All) PoopMcPooperton: lol
(58:34 / All) OrcRinds: youll see hiow he isnt hacking in the replay
(58:40 / Allies) PoopMcPooperton: going to get dust
(58:42 / Allies) PoopMcPooperton: stay there
(58:47 / Allies) Wolf2983: k
(58:52 / All) PoopMcPooperton: dont need to waste my time
(58:55 / All) Melnitsa: Grats, you have a mine and no acolytes that I'm aware of
(59:06 / All) IDoItForLove: me was going to get those magic harlots
(59:07 / All) OrcRinds: he also has 26k gold so you should prolly just qq quit
(59:12 / All) IDoItForLove: sorceresses
(59:18 / All) IDoItForLove: it was for kill yellow but he dead
(59:40 / All) Melnitsa: I have 27,000 gold
(59:42 / All) Melnitsa: How about you?
(59:59 / All) PoopMcPooperton: well teal has 32k
(60:08 / All) Melnitsa: Have you still not figured it out?
(60:26 / Allies) Wolf2983: teal and oj one and same>>>
(60:31 / All) Melnitsa: nice mh
(60:37 / All) PoopMcPooperton: i already told u
(60:38 / All) PoopMcPooperton: i mh
(60:40 / Allies) IDoItForLove: i'm my own man
(60:42 / Allies) IDoItForLove: !
(60:49 / All) Melnitsa: What hack do you use?
(60:52 / All) PoopMcPooperton: and yes, i know that u and teal
(61:02 / All) Melnitsa: I never said that
(61:13 / All) PoopMcPooperton: pretty obvious
(61:41 / All) IDoItForLove: Me am from Never Never Land with Michael Jackson
(63:28 / All) PoopMcPooperton: well gg
(63:33 / All) PoopMcPooperton: tired of wasting time
(63:34 / All) Melnitsa: gg
(63:41 / All) PoopMcPooperton: since u and orange are just in cahoots anyway
(63:41 / All) IDoItForLove: me can help you win this game?
(64:30 / All) Melnitsa: hero focusing faggot
(65:28 / All) Melnitsa: FINALLY
(65:29 / All) Melnitsa: WOO
(66:15 / All) Melnitsa: Just crept my green camp
(66:17 / All) Melnitsa: Standard timing
(67:14 / All) Melnitsa: k
(67:48 / All) OrcRinds: why no boots of speed?
(68:01 / All) Melnitsa: I don't need them
(68:02 / All) IDoItForLove: thems not that beneficial at that point
(68:09 / All) IDoItForLove: with the level 3 wind walk
(68:10 / All) OrcRinds: tru dat
(68:21 / All) Melnitsa: yeah I have max speed either way
(69:03 / All) OrcRinds: how do you and teal decide who wins?
(69:08 / All) IDoItForLove: We don't
(69:19 / All) Melnitsa: Everyone gets an equal chance
(69:46 / All) Melnitsa: Yellow, are you willing to leave your computer on all night for the win?
(69:50 / All) Melnitsa: Blue, are you?
(69:53 / All) OrcRinds: yes
(69:57 / All) OrcRinds: no prob
(69:57 / All) Melnitsa: Good
(69:57 / Allies) Wolf2983: yep
(70:03 / All) Melnitsa: Teal and I are going to kill everything, including our own stuff
(70:07 / All) Melnitsa: and leave only buildings
(70:09 / All) Melnitsa: No units or way to end it
(70:11 / All) OrcRinds: ok
(70:12 / All) Melnitsa: 0 food all around
(70:14 / All) Melnitsa: Best internet wins
(70:21 / All) OrcRinds: 10 four
(73:03 / All) Melnitsa: have 1 food somewhere
(73:15 / All) Melnitsa: found it
(73:28 / All) Melnitsa: Only my bm left
(73:43 / All) Melnitsa: Are blue's heroes taken care of?
(73:46 / All) Melnitsa: and pink's?
(73:53 / All) OrcRinds: blue here
(74:09 / All) IDoItForLove: Blue is playing Logan's run
(74:20 / All) Wolf2983: just soom keep ,y hero
(74:21 / All) OrcRinds: love that movie
(74:31 / All) Melnitsa: English motherfucker do you speak it blue?
(74:44 / Allies) Wolf2983: not typing in darlk
(75:14 / All) IDoItForLove: RUN RUNNER
(75:32 / All) OrcRinds: report to carosel
(76:28 / All) IDoItForLove: I have 69 food
(76:33 / All) IDoItForLove: very special number in my country
(76:35 / All) Melnitsa: I put my money on yellow, I hope he wins this
(76:37 / All) IDoItForLove: with Michael Jackson
(76:39 / All) Melnitsa: Your team was more faggy than mine
(76:50 / All) IDoItForLove: Blue was a stand up citizen
(77:21 / All) Melnitsa: Mikara the Blademaster (level 10) has been slain.
(77:24 / All) Melnitsa: My side is complete.
(77:36 / All) IDoItForLove: mirin my dragons?
(78:16 / All) OrcRinds: ive been in some strange games but this one is up there
(78:23 / All) Melnitsa: We do this regularly
(78:29 / All) IDoItForLove: Everytime a dragon dies an angel gets its wings
(78:31 / All) Melnitsa: Check for our replays at http://highper.ch
(78:33 / All) Melnitsa: If you want to see more
(78:34 / All) OrcRinds: ive been in one of these before
(78:39 / All) Wolf2983: and your partners never like it
(78:43 / All) Melnitsa: It might have been us doing it
(78:45 / All) Melnitsa: Well, good luck everyone
(78:49 / All) Melnitsa: The standoff is complete
(78:52 / All) Melnitsa: LET IT BEGIN, LET IT BEGIN!
(78:58 / All) IDoItForLove: I bid thee all adieu